TOP OF THE 1ST |
San Jose Giants batting - Pitching for Biloxi Shuckers : RHP Jason Decker
|
Pitching: RHP Jason Decker
|
|
Batting: RHB Coen Dirks
|
0-0: Foul Ball, location: 2F 0-1: Ball 1-1: Ball 2-1: Called Strike 2-2: Strikes out swinging
|
Batting: LHB Mike Roberts
|
0-0: Ball 1-0: Ball 2-0: Foul Ball, location: 2F 2-1: Ground out 4-3 (Groundball, 4, EV 110.0 MPH)
|
Batting: RHB Zach Maguire
|
0-0: Ball 1-0: Foul Ball, location: 2F 1-1: Swinging Strike 1-2: Strikes out swinging
|
Top of the 1st over - 0 runs, 0 hits, 0 errors, 0 left on base; San Jose 0 - Biloxi 0 |
BOTTOM OF THE 1ST |
Biloxi Shuckers batting - Pitching for San Jose Giants : RHP Jonathan Fritzinger
|
Pitching: RHP Jonathan Fritzinger
|
|
Batting: RHB Nick Cummings
|
0-0: Called Strike 0-1: Ball 1-1: Foul Ball, location: 2F 1-2: Ball 2-2: Ground out 5-3 (Groundball, 56, EV 88.8 MPH)
|
Batting: SHB Orlando Torres
|
0-0: Called Strike 0-1: Swinging Strike 0-2: Fly out, F5 (Line Drive, 5, EV 68.8 MPH)
|
Batting: LHB Pablo Cardona
|
0-0: Swinging Strike 0-1: Foul Ball, location: 2F 0-2: Foul Ball, location: 2F 0-2: Ball 1-2: Ball 2-2: SOLO HOME RUN (Flyball, 9D, EV 100.0 MPH), Distance : 375 ft
|
Batting: RHB Hector Silva
|
0-0: Ball 1-0: Ball 2-0: Ball 3-0: Called Strike 3-1: Base on Balls
|
Batting: RHB Steve Byerly
|
0-0: Ball 1-0: Foul Ball, location: 2F 1-1: Fly out, F8 (Flyball, 8RS, EV 88.8 MPH)
|
Bottom of the 1st over - 1 run, 1 hit, 0 errors, 1 left on base; San Jose 0 - Biloxi 1 |
TOP OF THE 2ND |
San Jose Giants batting - Pitching for Biloxi Shuckers : RHP Jason Decker
|
Batting: LHB Gil Caraveo
|
0-0: Ball 1-0: Ball 2-0: SINGLE (Groundball, 4M, EV 101.2 MPH)
|
Batting: RHB Ryan Bentz
|
0-0: Swinging Strike 0-1: Swinging Strike 0-2: Foul Ball, location: 2F 0-2: Ball 1-2: Ball 2-2: Ball 3-2: Foul Ball, location: 2F 3-2: SINGLE (Groundball, 56D, EV 95.0 MPH) Gil Caraveo to second Gil Caraveo to third
|
Batting: RHB Bob Schweiger
|
0-0: Called Strike 0-1: Ball 1-1: Called Strike 1-2: Ball 2-2: Fielders Choice at 2nd, 2-4 (Groundball, 2L, EV 69.4 MPH)
|
Batting: RHB Gary Sampson
|
0-0: Ball 1-0: Swinging Strike 1-1: Ball 2-1: Foul Ball, location: 2F 2-2: Strikes out swinging
|
Batting: RHB Teruhide Horiuchi
|
0-0: Ball 1-0: Ground out 3-1 (Groundball, 34S, EV 71.2 MPH)
|
Top of the 2nd over - 0 runs, 2 hits, 0 errors, 2 left on base; San Jose 0 - Biloxi 1 |
BOTTOM OF THE 2ND |
Biloxi Shuckers batting - Pitching for San Jose Giants : RHP Jonathan Fritzinger
|
Batting: RHB Bobby Heagle
|
0-0: Ball 1-0: Swinging Strike 1-1: Fly out, F9 (Flyball, 9LM, EV 82.5 MPH)
|
Batting: RHB Brian Landrum
|
0-0: Reached via error on a dropped throw from 3B, E3 (Groundball, 56S, EV 89.4 MPH)
|
Batting: RHB Cameron Rattenbury
|
0-0: Called Strike Brian Landrum steals 2nd base 0-1: Ground out 5-3 (Groundball, 56S, EV 66.9 MPH) Brian Landrum to third
|
Batting: RHB Leo Serrano
|
0-0: Ball 1-0: Ground out 4-3 (Groundball, 34, EV 88.1 MPH)
|
Bottom of the 2nd over - 0 runs, 0 hits, 1 error, 1 left on base; San Jose 0 - Biloxi 1 |
TOP OF THE 3RD |
San Jose Giants batting - Pitching for Biloxi Shuckers : RHP Jason Decker
|
Batting: RHB Harry Dickson
|
0-0: Ground out 5-3 (Groundball, 56, EV 81.2 MPH)
|
Batting: RHB Coen Dirks
|
0-0: Foul Ball, location: 2F 0-1: Ball 1-1: Ball 2-1: Foul Ball, location: 2F 2-2: Ball 3-2: Strikes out swinging
|
Batting: LHB Mike Roberts
|
0-0: SINGLE (Groundball, 6, EV 96.2 MPH)
|
Batting: RHB Zach Maguire
|
0-0: Called Strike 0-1: Swinging Strike 0-2: Strikes out swinging
|
Top of the 3rd over - 0 runs, 1 hit, 0 errors, 1 left on base; San Jose 0 - Biloxi 1 |
BOTTOM OF THE 3RD |
Biloxi Shuckers batting - Pitching for San Jose Giants : RHP Jonathan Fritzinger
|
Batting: RHB Nick Cummings
|
0-0: Ball 1-0: Ball 2-0: Called Strike 2-1: Swinging Strike 2-2: Ball 3-2: Foul Ball, location: 2F 3-2: Base on Balls
|
Batting: SHB Orlando Torres
|
0-0: Called Strike 0-1: Called Strike Nick Cummings is caught stealing 2nd base 2-6 0-2: SINGLE (Groundball, 6MD, EV 101.2 MPH)
|
Batting: LHB Pablo Cardona
|
0-0: Ball 1-0: Called Strike 1-1: Ball 2-1: Ball 3-1: Foul Ball, location: 2F 3-2: Fielders Choice at 2nd, 1-6 (Groundball, 13S, EV 65.0 MPH)
|
Batting: RHB Hector Silva
|
0-0: Ball 1-0: Ball 2-0: Called Strike Pablo Cardona is caught stealing 2nd base 2-4
|
Bottom of the 3rd over - 0 runs, 1 hit, 0 errors, 0 left on base; San Jose 0 - Biloxi 1 |
TOP OF THE 4TH |
San Jose Giants batting - Pitching for Biloxi Shuckers : RHP Jason Decker
|
Batting: LHB Gil Caraveo
|
0-0: Fly out, F2 (Popup, 3SF, EV 85.6 MPH)
|
Batting: RHB Ryan Bentz
|
0-0: Ball 1-0: Swinging Strike 1-1: Called Strike 1-2: Ball 2-2: Strikes out looking
|
Batting: RHB Bob Schweiger
|
0-0: Ball 1-0: Ball 2-0: Fly out, F3 (Popup, 23F, EV 76.9 MPH)
|
Top of the 4th over - 0 runs, 0 hits, 0 errors, 0 left on base; San Jose 0 - Biloxi 1 |
BOTTOM OF THE 4TH |
Biloxi Shuckers batting - Pitching for San Jose Giants : RHP Jonathan Fritzinger
|
Batting: RHB Hector Silva
|
0-0: Ball 1-0: Called Strike 1-1: Ball 2-1: Swinging Strike 2-2: Ball 3-2: Foul Ball, location: 2F 3-2: Foul Ball, location: 2F 3-2: Strikes out swinging
|
Batting: RHB Steve Byerly
|
0-0: Called Strike 0-1: Foul Ball, location: 2F 0-2: Ball 1-2: Ball 2-2: Foul Ball, location: 2F 2-2: Foul Ball, location: 2F 2-2: Ball 3-2: Foul Ball, location: 2F 3-2: Reached on error, E6 (Groundball, 6, EV 90.6 MPH)
|
Batting: RHB Bobby Heagle
|
0-0: Called Strike 0-1: DOUBLE (Groundball, 3L, EV 94.4 MPH) Steve Byerly scores
|
Batting: RHB Brian Landrum
|
0-0: Hit by Pitch
|
Batting: RHB Cameron Rattenbury
|
0-0: Fielders Choice at 2nd, 6-4 (Groundball, 6, EV 82.5 MPH) Bobby Heagle to third
|
Batting: RHB Leo Serrano
|
0-0: Foul Ball, location: 2F 0-1: Ball 1-1: Ground out 1-3 (Groundball, 13, EV 71.2 MPH)
|
Bottom of the 4th over - 1 run, 1 hit, 1 error, 2 left on base; San Jose 0 - Biloxi 2 |
TOP OF THE 5TH |
San Jose Giants batting - Pitching for Biloxi Shuckers : RHP Jason Decker
|
Batting: RHB Gary Sampson
|
0-0: Ball 1-0: Swinging Strike 1-1: Fly out, F8 (Flyball, 8RD, EV 98.8 MPH)
|
Batting: RHB Teruhide Horiuchi
|
0-0: Swinging Strike 0-1: Ground out 4-3 (Groundball, 4M, EV 85.6 MPH)
|
Batting: RHB Harry Dickson
|
0-0: Called Strike 0-1: Ball 1-1: Ball 2-1: Foul Ball, location: 2F 2-2: SINGLE (Groundball, 5L, EV 96.2 MPH) (infield hit)
|
Batting: RHB Coen Dirks
|
0-0: Foul Ball, location: 2F 0-1: Foul Ball, location: 2F 0-2: Ball 1-2: Ball 2-2: Ball 3-2: Strikes out looking
|
Top of the 5th over - 0 runs, 1 hit, 0 errors, 1 left on base; San Jose 0 - Biloxi 2 |
BOTTOM OF THE 5TH |
Biloxi Shuckers batting - Pitching for San Jose Giants : RHP Jonathan Fritzinger
|
Batting: RHB Nick Cummings
|
0-0: Called Strike 0-1: Ball 1-1: TRIPLE (Flyball, 89XD, EV 103.8 MPH)
|
Batting: SHB Orlando Torres
|
0-0: Ball 1-0: Fly out, F4 (Popup, 4D, EV 58.1 MPH)
|
Batting: LHB Pablo Cardona
|
0-0: Foul Ball, location: 2F 0-1: Fly out, F7 (Flyball, 78S, EV 81.2 MPH) Runner from 3rd tags up, SCORES, throw by LF
|
Batting: RHB Hector Silva
|
0-0: SINGLE (Line Drive, 4MD, EV 95.0 MPH)
|
Batting: RHB Steve Byerly
|
0-0: Ball Hector Silva steals 2nd base 1-0: Ground out 5-3 (Groundball, 56, EV 98.8 MPH)
|
Bottom of the 5th over - 1 run, 2 hits, 0 errors, 1 left on base; San Jose 0 - Biloxi 3 |
TOP OF THE 6TH |
San Jose Giants batting - Pitching for Biloxi Shuckers : RHP Jason Decker
|
Batting: LHB Mike Roberts
|
0-0: Ball 1-0: Swinging Strike 1-1: Swinging Strike 1-2: SINGLE (Groundball, 6D, EV 98.1 MPH)
|
Batting: RHB Zach Maguire
|
0-0: Ball 1-0: Ball 2-0: Ball 3-0: Called Strike 3-1: Ground out 5-3 (Groundball, 5L, EV 91.2 MPH) Mike Roberts to second
|
Batting: LHB Gil Caraveo
|
0-0: Called Strike 0-1: SINGLE (Groundball, 4MD, EV 103.8 MPH) Mike Roberts to third Runner from 3rd tries for Home, SAFE, throw by CF to home
|
Batting: RHB Ryan Bentz
|
0-0: Called Strike 0-1: Called Strike 0-2: Strikes out swinging
|
Batting: RHB Bob Schweiger
|
0-0: Ball 1-0: Ground out 1-3 (Groundball, 25, EV 76.9 MPH)
|
Top of the 6th over - 1 run, 2 hits, 0 errors, 1 left on base; San Jose 1 - Biloxi 3 |
BOTTOM OF THE 6TH |
Biloxi Shuckers batting - Pitching for San Jose Giants : RHP Jonathan Fritzinger
|
Batting: RHB Bobby Heagle
|
0-0: Ground out 2-3 (Groundball, 2L, EV 68.1 MPH)
|
Batting: RHB Brian Landrum
|
0-0: Called Strike 0-1: Fly out, F9 (Flyball, 89M, EV 91.2 MPH)
|
Batting: RHB Cameron Rattenbury
|
0-0: Ball 1-0: Bunted foul 1-1: Ball 2-1: Ball 3-1: Foul Ball, location: 2F 3-2: Foul Ball, location: 2F 3-2: Ground out 6-3 (Groundball, 6, EV 104.4 MPH)
|
Bottom of the 6th over - 0 runs, 0 hits, 0 errors, 0 left on base; San Jose 1 - Biloxi 3 |
TOP OF THE 7TH |
San Jose Giants batting - Pitching for Biloxi Shuckers : RHP Jason Decker
|
Now at 3B: Rick Campbell
|
|
Now at SS: Bobby Heagle
|
|
Batting: RHB Gary Sampson
|
0-0: DOUBLE (Line Drive, 89D, EV 100.0 MPH)
|
Batting: RHB Teruhide Horiuchi
|
0-0: Ball Gary Sampson steals 3rd base (no throw) 1-0: SINGLE (Groundball, 4MD, EV 99.4 MPH) Gary Sampson scores
|
Pitching: LHP Benito Vargas
|
|
Batting: RHB Harry Dickson
|
0-0: Bunted foul 0-1: Sac Bunt to 2R - play at first, batter OUT! 2-3 Teruhide Horiuchi to second
|
Batting: RHB Coen Dirks
|
0-0: Ball 1-0: Ball 2-0: Ground out 5-3 (Groundball, 56, EV 103.1 MPH)
|
Batting: LHB Mike Roberts
|
0-0: Ball 1-0: DOUBLE (Line Drive, 7LM, EV 95.0 MPH) Teruhide Horiuchi scores
|
Batting: RHB Zach Maguire
|
0-0: Intentional Walk
|
Batting: LHB Gil Caraveo
|
0-0: Foul Ball, location: 2F 0-1: Ball 1-1: Fly out, F9 (Flyball, 9S, EV 84.4 MPH)
|
Top of the 7th over - 2 runs, 3 hits, 0 errors, 2 left on base; San Jose 3 - Biloxi 3 |
BOTTOM OF THE 7TH |
Biloxi Shuckers batting - Pitching for San Jose Giants : RHP Jonathan Fritzinger
|
Pitching: RHP Jay Kouns
|
|
Batting: RHB Leo Serrano
|
0-0: SOLO HOME RUN (Flyball, 7LD, EV 93.1 MPH), Distance : 338 ft
|
Batting: RHB Nick Cummings
|
0-0: Called Strike 0-1: Ball 1-1: Ball 2-1: Foul Ball, location: 2F 2-2: Ball 3-2: Base on Balls
|
Batting: LHB Rick Campbell
|
0-0: Called Strike Nick Cummings steals 2nd base 0-1: Ball 1-1: Ball 2-1: Ball 3-1: Called Strike 3-2: Foul Ball, location: 2F 3-2: Strikes out swinging
|
Batting: LHB Pablo Cardona
|
0-0: Intentional Walk
|
Batting: RHB Hector Silva
|
0-0: Called Strike 0-1: Ball 1-1: Foul Ball, location: 2F 1-2: Ball 2-2: Foul Ball, location: 2F 2-2: Ball 3-2: Foul Ball, location: 2F 3-2: Base on Balls Nick Cummings to third Pablo Cardona to second
|
Batting: RHB Steve Byerly
|
0-0: Ball 1-0: Fly out, F9 (Flyball, 9, EV 89.4 MPH) Runner from 3rd tags up, OUT at HOME! 9-2
|
Bottom of the 7th over - 1 run, 1 hit, 0 errors, 2 left on base; San Jose 3 - Biloxi 4 |
TOP OF THE 8TH |
San Jose Giants batting - Pitching for Biloxi Shuckers : LHP Benito Vargas
|
Batting: RHB Ryan Bentz
|
0-0: Fly out, F7 (Line Drive, 7, EV 95.6 MPH)
|
Batting: RHB Bob Schweiger
|
0-0: Ground out 4-3 (Groundball, 4, EV 86.2 MPH)
|
Batting: RHB Gary Sampson
|
0-0: Called Strike 0-1: Swinging Strike 0-2: Foul Ball, location: 2F 0-2: Ball 1-2: Strikes out looking
|
Top of the 8th over - 0 runs, 0 hits, 0 errors, 0 left on base; San Jose 3 - Biloxi 4 |
BOTTOM OF THE 8TH |
Biloxi Shuckers batting - Pitching for San Jose Giants : RHP Jay Kouns
|
Batting: RHB Bobby Heagle
|
0-0: Ball 1-0: Ball 2-0: Called Strike 2-1: Ground out 3-1 (Groundball, 34S, EV 81.9 MPH)
|
Batting: RHB Brian Landrum
|
0-0: Ball 1-0: Ball 2-0: Ball 3-0: Called Strike 3-1: Foul Ball, location: 2F 3-2: Base on Balls
|
Batting: RHB Cameron Rattenbury
|
0-0: Called Strike 0-1: Swinging Strike 0-2: Ball 1-2: Grounds into double play, 5-4-3 (Groundball, 56, EV 83.8 MPH)
|
Bottom of the 8th over - 0 runs, 0 hits, 0 errors, 0 left on base; San Jose 3 - Biloxi 4 |
TOP OF THE 9TH |
San Jose Giants batting - Pitching for Biloxi Shuckers : LHP Benito Vargas
|
Pitching: RHP Ernie Schmutz
|
|
Batting: RHB Teruhide Horiuchi
|
0-0: Called Strike 0-1: Ball 1-1: Foul Ball, location: 2F 1-2: SINGLE (Groundball, 6MD, EV 105.6 MPH)
|
Batting: RHB Harry Dickson
|
0-0: Ball 1-0: Swinging Strike Teruhide Horiuchi steals 2nd base 1-1: Bunted foul 1-2: Ground out 4-3 (Groundball, 4, EV 83.1 MPH) Teruhide Horiuchi to third
|
Batting: RHB Coen Dirks
|
0-0: Ball 1-0: Called Strike 1-1: Swinging Strike 1-2: Ball 2-2: Foul Ball, location: 2F 2-2: Foul Ball, location: 2F 2-2: Ball 3-2: Base on Balls
|
Batting: LHB Mike Roberts
|
0-0: Ball 1-0: Ball 2-0: Foul Ball, location: 2F 2-1: Ball 3-1: SINGLE (Line Drive, 89S, EV 90.6 MPH) Teruhide Horiuchi scores Coen Dirks to second Runner from 2nd tries for 3rd, SAFE, throw by RF made to third
|
Batting: RHB Zach Maguire
|
0-0: Ball 1-0: Ball 2-0: Called Strike 2-1: Foul Ball, location: 2F 2-2: Foul Ball, location: 2F 2-2: Strikes out swinging
|
Batting: LHB Gil Caraveo
|
0-0: Ball 1-0: Ball 2-0: Called Strike 2-1: Fly out, F6 (Line Drive, 6, EV 67.5 MPH)
|
Top of the 9th over - 1 run, 2 hits, 0 errors, 2 left on base; San Jose 4 - Biloxi 4 |
BOTTOM OF THE 9TH |
Biloxi Shuckers batting - Pitching for San Jose Giants : RHP Jay Kouns
|
Pitching: RHP Danny MacKinnon
|
|
Pinch Hitting: SHB Mike Williams
|
0-0: Called Strike 0-1: Ball 1-1: Fly out, F8 (Flyball, 8RXD, EV 85.6 MPH)
|
Batting: RHB Nick Cummings
|
0-0: Ball 1-0: Foul Ball, location: 2F 1-1: Ball 2-1: Ball 3-1: Called Strike 3-2: Foul Ball, location: 2F 3-2: Foul Ball, location: 2F 3-2: DOUBLE (Line Drive, 89D, EV 101.2 MPH)
|
Batting: LHB Rick Campbell
|
0-0: Ball 1-0: Swinging Strike 1-1: Swinging Strike 1-2: Ball 2-2: Ball 3-2: Foul Ball, location: 2F 3-2: Foul Ball, location: 2F 3-2: Base on Balls
|
Batting: LHB Pablo Cardona
|
0-0: SINGLE (Groundball, 6D, EV 97.5 MPH) Nick Cummings to third Rick Campbell to second Runner from 3rd tries for Home, SAFE, throw by CF to home
|
Bottom of the 9th over - 1 run, 2 hits, 0 errors, 2 left on base; San Jose 4 - Biloxi 5 |
|